 Dungeon Crawl Stone Soup version 0.27.1-1-g398f81649c (webtiles) character file.

Game seed: 7489823922500338988

291 ZARRMARR the Sneak (level 6, -2/42 HPs)
             Began as an Octopode Transmuter on Sept 7, 2021.
             Splashed by a jelly's acid (5 damage)
             ... on level 4 of the Dungeon.
             The game lasted 00:12:11 (4108 turns).

ZARRMARR the Sneak (Octopode Transmuter)            Turns: 4108, Time: 00:12:12

Health: -2/42      AC: -7    Str: 10    XL:     6   Next: 32%
Magic:  9/10       EV: 14    Int: 17    God:
Gold:   177        SH:  0    Dex: 12    Spells: 6/11 levels left

rFire    . . .     SeeInvis .     - Unarmed
rCold    . . .     Faith    .   (no shield)
rNeg     . . .     Spirit   .   (helmet currently unavailable)
rPois    .         Reflect  .   (no amulet)
rElec    .         Harm     .   (no ring)
rCorr    .         Rampage  .   (no ring)
Will     .....                  (no ring)
Stlth    +++.......             (no ring)
HPRegen  0.14/turn              (no ring)
MPRegen  0.12/turn              (no ring)
                                (no ring)
                                (no ring)

@: appendages, corroded
A: tentacle spike 3, almost no armour, amphibious, 8 rings, camouflage 1,
gelatinous body 1, (nimble swimmer 1), tentacles
a: End Transformation


You were on level 4 of the Dungeon.
One of your tentacles had grown a beastly spike.
You visited 1 branch of the dungeon, and saw 4 of its levels.

You collected 177 gold pieces.

Inventory:

Missiles
 e - 9 boomerangs (quivered)
 f - 5 curare-tipped darts
Magical Staves
 m - a staff of death
Scrolls
 a - a scroll of blinking {unknown}
 d - a scroll of magic mapping
 g - 3 scrolls of teleportation
 h - a scroll of torment {unknown}
 k - a scroll of enchant weapon {unknown}
Potions
 b - a potion of lignification {unknown}
 c - a potion of curing
 i - a potion of invisibility {unknown}
 j - a potion of haste {unknown}
 l - a potion of attraction {unknown}


   Skills:
 + Level 3.0 Fighting
 + Level 3.5 Dodging
 + Level 4.0 Stealth
 - Level 3.0 Unarmed Combat
 + Level 3.2 Spellcasting
 + Level 0.9 Necromancy
 - Level 2.1 Transmutations


You had 6 spell levels left.
You knew the following spells:

 Your Spells              Type           Power      Damage    Failure   Level
a - Beastly Appendage     Tmut           20%        N/A       7%          1
b - Dispel Undead         Necr           5%         3d7       75%         4

Your spell library contained the following spells:

 Spells                   Type           Power      Damage    Failure   Level
 Wereblood                Tmut           10%        N/A       11%         2
 Magic Dart               Conj           8%         1d3       17%         1
 Corpse Rot               Necr/Air       N/A        N/A       22%         2
 Searing Ray              Conj           4%         3d3       26%         2
 Spider Form              Tmut/Pois      3%         N/A       32%         3
 Ice Form                 Ice/Tmut       6%         N/A       73%         4
 Fulminant Prism          Conj/Hex       1%         3d6       86%         4
 Death Channel            Necr           2%         N/A       100%        6


Dungeon Overview and Level Annotations

Branches:
Dungeon (4/15)
 Temple: D:4-7

Altars:
Zin

Shops:
D:3 :


Innate Abilities, Weirdness & Mutations

One of your tentacles has grown a beastly spike.
You cannot wear most types of armour.
You are amphibious.
You can wear up to eight rings at the same time.
Your skin changes colour to match your surroundings (Stealth+).
Your rubbery body absorbs attacks. (AC +1, EV +1)
((You are camouflaged near water. (Stealth+)))
You have tentacles for arms and can constrict up to eight enemies at once.


Message History

A jelly comes into view.
Throw: 9 boomerangs
Press: ? - help, Q - select action, (/) - cycle Shift-Dir - straight line, f - jelly
Aim: a jelly (wandering, hasn't noticed you, 89% to hit)
You throw a boomerang. The jelly quivers.
The boomerang hits the jelly.
The jelly is moderately wounded.
Throw: 9 boomerangs
Press: ? - help, Q - select action, (/) - cycle Shift-Dir - straight line, f/p - jelly
Aim: a jelly (moderately wounded, 89% to hit)
You throw a boomerang. The boomerang hits the jelly.
The jelly is moderately wounded.
Unknown command.
Throw: 9 boomerangs
Press: ? - help, Q - select action, (/) - cycle Shift-Dir - straight line, f/p - jelly
Aim: a jelly (moderately wounded, 89% to hit)
You throw a boomerang. The boomerang barely misses the jelly.
Unknown command.
Casting: Beastly Appendage (safe; 7% risk of failure)
Confirm with . or Enter, or press ? or * to list all spells.
One of your tentacles grows a vicious spike.
You tentacle-slap the jelly. The acid corrodes you!
Your tentacles burn!
The jelly is heavily wounded.
The jelly hits you.
You are splashed with acid!
You tentacle-slap the jelly but do no damage.
Your tentacles burn!
You pierce the jelly, but do no damage.
The jelly is heavily wounded.
The jelly misses you.
You tentacle-slap the jelly but do no damage.
Your tentacles burn!
* * * LOW HITPOINT WARNING * * *
You pierce the jelly, but do no damage.
The jelly is heavily wounded.
The jelly hits you.
* * * LOW HITPOINT WARNING * * *
You are splashed with acid!
* * * LOW HITPOINT WARNING * * *
You tentacle-slap the jelly. The acid corrodes you!
Your tentacles burn!
You die...

.##### ... .....####.#
.....##.# #.#.##.#
##### #......######.#
##...####......(.......
#...).##...............
#.<....)...J..#######..
#.....###.@.......#
##...## #.#######.#
#..## #(####.#####.#
#...# #............###
#...#
######.............
#...# #..###########
#...# #...# ########
#...# ##..######......#
#...# #..........###<#
#...#


You could see a jelly.

Vanquished Creatures
  A black bear (D:3)
  2 orc priests (D:3)
  A bullfrog skeleton (D:4)
  Robin (D:2)
  2 adders (D:3)
  A worm (D:3)
  3 dart slugs
  9 orcs
  4 ball pythons
  A bat (D:1)
  6 endoplasms
  2 giant cockroaches (D:2)
  5 hobgoblins
  3 jackals (D:4)
  A quokka (D:2)
  11 goblins
  6 kobolds
  3 rats
62 creatures vanquished.

Notes
Turn   | Place    | Note
-------+----------+-------------------------------------------
     0 | D:1      | ZARRMARR the Octopode Transmuter began the quest for the
                  | Orb.
     0 | D:1      | Reached XP level 1. HP: 13/13 MP: 3/3
   260 | D:1      | Reached XP level 2. HP: 17/18 MP: 3/5
   315 | D:1      | Reached skill level 1 in Stealth
   836 | D:1      | Found a faded altar of an unknown god.
  1026 | D:2      | Noticed Robin
  1030 | D:2      | Reached XP level 3. HP: 18/23 MP: 4/6
  1220 | D:2      | Killed Robin
  1221 | D:2      | Reached skill level 2 in Stealth
  1610 | D:2      | Found a glowing silver altar of Zin.
  1787 | D:2      | Reached XP level 4. HP: 29/29 MP: 5/7
  2023 | D:3      | Noticed a black bear
  2041 | D:3      | Killed a black bear
  2042 | D:3      | Reached skill level 3 in Stealth
  2042 | D:3      | Reached XP level 5. HP: 35/35 MP: 7/9
  2535 | D:3      | Found Peaklao's Book Emporium.
  2821 | D:3      | Found a glowing silver altar of Zin.
  3190 | D:4      | Reached XP level 6. HP: 30/41 MP: 7/10
  3705 | D:3      | HP: 1/41 [orc (2)]
  3716 | D:3      | Reached skill level 4 in Stealth
  3957 | D:3      | Learned a level 4 spell: Dispel Undead
  4108 | D:4      | Splashed by a jelly's acid

Illustrated notes

Levels and vault maps discovered:
D:1:      sevenhm_arrival_forest_fort_small_6, layout_loops_cross,
          dreamdust_ecumenical_altar_hidden_monk_grotto
D:2:      layout_loops_cross, basic_altar, uniq_robin
D:3:      layout_basic, mainiacjoe_overflow_alcove_4, serial_shops,
          shop_fountains
D:4:      layout_loops_ring, grunt_qazlal_sundering, lemuel_temple_firewalk_b,
          ebering_ghost_disaster_area, uniq_grinder, uniq_blork_the_orc

Skill      XL: |  1  2  3  4  5  6 |
---------------+-------------------+-----
Stealth        | 1 2 3 4 |  4.0
Fighting       | 2 3 |  3.0
Dodging        | 3 |  3.5
Spellcasting   | 3 |  3.2
Unarmed Combat | |  3.0
Necromancy     | |  0.9
Transmutations | |  2.1

Action                   |  1- 3 |  4- 6 || total
-------------------------+-------+-------++-------
Melee: Unarmed           |    69 |    72 ||   141
       Tentacles         |    12 |     8 ||    20
       Constrict         |    18 |    20 ||    38
       Kick              |    15 |    25 ||    40
       Punch             |     1 |     3 ||     4
Throw: Dart              |       |     3 ||     3
       Boomerang         |       |     3 ||     3
 Cast: Beastly Appendage |    26 |    23 ||    49
  Use: Scroll            |       |     3 ||     3
       Potion            |       |     3 ||     3
 Stab: Sleeping          |    12 |     4 ||    16
Armor: Skin              |     3 |     2 ||     5
Dodge: Dodged            |    26 |    42 ||    68
